 Dungeon Crawl Stone Soup version 0.31-a0-214-gb37851dbb3 (webtiles) character file.

Game seed: 5313354155278795439

1226 Querens the Shield-Bearer (level 8, -4/65 HPs)
             Began as a Formicid Fighter on July 1, 2023.
             Engulfed by a steam dragon's steam (15 damage)
             ... on level 6 of the Dungeon.
             The game lasted 00:18:34 (3620 turns).

Querens the Shield-Bearer (Formicid Fighter)        Turns: 3620, Time: 00:18:35

Health: -4/65      AC:  8    Str: 22    XL:     8   Next: 76%
Magic:  8/8        EV:  9    Int:  9    God:
Gold:   193        SH: 11    Dex: 13    Spells: 7/7 levels left

rFire   . . .        a - +0 war axe
rCold   . . .        c - +0 buckler
rNeg    . . .        b - +0 scale mail
rPois   .            (helmet unavailable)
rElec   .            (no cloak)
rCorr   .            p - +0 pair of gloves
SInv    +            (no boots)
Will    .....        i - amulet of reflection Stlth
                     (no ring)
HPRegen 0.30/turn    (no ring)
MPRegen 0.11/turn

%: reflection
@: no status effects
A: permanent stasis, dig shafts and tunnels, antennae 3, four strong arms
a: Dig, Shaft Self


You were on level 6 of the Dungeon.
You visited 2 branches of the dungeon, and saw 7 of its levels.

You collected 193 gold pieces.

Inventory:

Hand Weapons
 a - a +0 war axe (weapon)
 d - a +0 battleaxe
Missiles
 r - a curare-tipped dart
Armour
 b - a +0 scale mail (worn)
 c - a +0 buckler (worn)
 p - a +0 pair of gloves (worn)
Jewellery
 i - an amulet of reflection (around neck)
 k - a ring of wizardry
Wands
 l - a wand of digging (7)
 m - a wand of flame (1)
Scrolls
 n - a scroll of revelation
Potions
 e - a potion of attraction
 f - a potion of magic {unknown}
 g - a potion of lignification {unknown}
 h - 2 potions of curing
 j - 2 potions of degeneration {unknown}
 o - 3 potions of haste {unknown}
 q - 2 potions of ambrosia {unknown}


   Skills:
 + Level 6.3 Fighting
 + Level 5.3 Axes
 + Level 6.3 Armour
 + Level 7.6 Shields


You had 7 spell levels left.
You didn't know any spells.
Your spell library contained the following spells:

 Spells                   Type           Power      Damage    Failure   Level
 Apportation              Tloc           0%         N/A       75%         1
 Necrotise                Necr           0%         1d4       75%         1
 Sandblast                Erth           0%         2d4       75%         1
 Summon Small Mammal      Summ           0%         N/A       75%         1
 Passwall                 Tmut/Erth      0%         N/A       86%         2
 Stone Arrow              Conj/Erth      0%         3d7       98%         3


Dungeon Overview and Level Annotations

Branches:
Dungeon (6/15)             Temple (1/1) D:4

Altars:
Ashenzari
Dithmenos
Elyvilon
Fedhas
Gozag
Hepliaklqana
Kikubaaqudgha
Makhleb
Nemelex Xobeh
Qazlal
Ru
Sif Muna
Yredelemnul
Zin
The Shining One


Innate Abilities, Weirdness & Mutations

You cannot be hasted, slowed, berserked, paralysed or teleported.
You can dig through walls and to a lower floor.
You have a pair of large antennae on your head. (SInv)
Your four strong arms can wield two-handed weapons with a shield.


Message History

The kobold brigand is severely wounded.
The kobold brigand hits you with a +1 whip of flaming.
The kobold brigand burns you.
* * * LOW HITPOINT WARNING * * *
The kobold brigand hits you with a +1 whip of flaming.
* * * LOW HITPOINT WARNING * * *
The kobold brigand burns you.
* * * LOW HITPOINT WARNING * * *
You slash the kobold brigand!
You kill the kobold brigand!
Things that are here:
a +1 whip of flaming; a curare-tipped dart
r - a curare-tipped dart
Found a stone staircase leading down.
A steam dragon comes into view.
Found a ring mail.
The steam dragon hisses angrily.
A steam dragon is nearby!
A steam dragon is nearby!
Unknown command.
Okay, then.
Okay, then.
Okay, then.
Aiming: Throw Flame
Press: ? - help, Shift-Dir - straight line, f - steam dragon
Aim: a steam dragon (68% to hit)
The puff of flame hits the steam dragon.
The steam dragon is lightly wounded.
Unknown command.
You are too injured to fight recklessly!
You are too injured to fight recklessly!
You hit the steam dragon but do no damage.
The steam dragon is lightly wounded.
The steam dragon breathes steam at you. The ball of steam hits you!!
* * * LOW HITPOINT WARNING * * *
You hit the steam dragon.
The steam dragon is moderately wounded.
You are engulfed in a cloud of scalding steam.
You die...

.......#
...
######.#
[.# ..# #.#
#># ..# #.#
#D# ..# #.#
#.# ..# #.#
#.#
..####.#
#.#
.....#.#
#######.#
..##.#.#
#..ยงยง@D.#
...#.#.#
###.#######
.....#.#
#...#
.#####.#
#.### .#
#.# #.# .#
#.###.# .#
#.....# ###
####### ..#


You could see a steam dragon (catching breath).

Vanquished Creatures
  Grinder (D:6)
  Eustachio (D:4)
  Menkaure (D:4)
  A black bear (D:4)
  An ice beast (D:5)
  Blork the orc (D:5)
  A kobold brigand (D:6)
  A scorpion (D:4)
  2 jellies
  2 orc priests (D:3)
  2 hounds
  An iguana (D:4)
  An orc wizard (D:3)
  3 gnolls (D:2)
  4 adders
  3 worms
  6 dart slugs
  13 orcs
  6 bats
  7 endoplasms
  6 giant cockroaches
  6 goblins
  10 hobgoblins
  4 jackals (D:4)
  4 quokkas
  8 ball pythons
  9 kobolds
105 creatures vanquished.

Notes
Turn   | Place    | Note
-------+----------+-------------------------------------------
     0 | D:1      | Querens the Formicid Fighter began the quest for the Orb.
     0 | D:1      | Reached XP level 1. HP: 18/18 MP: 1/1
   163 | D:1      | Reached XP level 2. HP: 20/24 MP: 2/2
   400 | D:1      | Reached XP level 3. HP: 28/29 MP: 3/3
   465 | D:2      | Reached XP level 4. HP: 26/37 MP: 4/4
   611 | D:2      | Found an ancient bone altar of Kikubaaqudgha.
  1332 | D:3      | Reached skill level 5 in Shields
  1332 | D:3      | Reached XP level 5. HP: 16/42 MP: 5/5
  1426 | D:3      | Found a blossoming altar of Fedhas.
  1527 | D:3      | Reached XP level 6. HP: 34/49 MP: 6/6
  1746 | D:3      | Found a shadowy altar of Dithmenos.
  1931 | D:4      | Noticed Menkaure
  1960 | D:4      | Noticed a black bear
  2096 | D:4      | Killed a black bear
  2097 | D:4      | Reached XP level 7. HP: 53/55 MP: 7/7
  2239 | D:4      | Found a shimmering blue altar of Sif Muna.
  2328 | D:4      | Noticed Eustachio
  2374 | D:4      | Killed Eustachio
  2375 | D:4      | Reached skill level 5 in Fighting
  2375 | D:4      | Reached skill level 5 in Armour
  2375 | D:4      | Reached skill level 6 in Shields
  2443 | D:4      | Found a staircase to the Ecumenical Temple.
  2463 | Temple   | Entered the Ecumenical Temple
  2679 | D:4      | Killed Menkaure
  2848 | D:5      | Entered Level 5 of the Dungeon
  2860 | D:5      | Reached XP level 8. HP: 57/64 MP: 8/8
  3123 | D:5      | Found a burning altar of Makhleb.
  3266 | D:5      | Found a basalt altar of Yredelemnul.
  3367 | D:5      | Reached skill level 7 in Shields
  3440 | D:5      | Noticed Blork the orc
  3445 | D:5      | Killed Blork the orc
  3515 | D:6      | Noticed Grinder
  3527 | D:6      | Killed Grinder
  3528 | D:6      | Reached skill level 5 in Axes
  3620 | D:6      | Engulfed by a steam dragon's steam

Illustrated notes

Levels and vault maps discovered:
D:1:      dpeg_arrival_boxorama, layout_rooms, grunt_decor_resistance
D:2:      layout_basic, basic_altar, kennysheep_generic_room_12
D:3:      layout_basic, lemuel_coloured_pillars_altar, lemuel_round_altar,
          serial_rivers, chequers_serial_rivers_large_b,
          chequers_serial_rivers_room_a, chequers_serial_rivers_small_3,
          chequers_serial_rivers_small_b, chequers_serial_rivers_small_3,
          chequers_serial_rivers_large_a
D:4:      layout_loops_corners, mainiacjoe_overflow_alcove_4,
          minmay_temple_entry_glass, corexii_corridor_pit, uniq_menkaure,
          uniq_eustachio
D:5:      layout_loops_ring, mainiacjoe_overflow_alcove_2,
          mainiacjoe_overflow_catwalk, grunt_decor_mini_mirrors,
          uniq_blork_the_orc
D:6:      layout_basic, hellmonk_okawaru_the_only_friend_you_need, uniq_grinder
Temple:   nicolae_temple_bog_church

Skill      XL: |  1  2  3  4  5  6  7  8 |
---------------+-------------------------+-----
Fighting       | 4 5 6 |  6.3
Armour         | 4 5 6 |  6.3
Axes           | 3 4 5 |  5.3
Shields        | 5 6 7 |  7.6

Action                     |  1- 3 |  4- 6 |  7- 9 || total
---------------------------+-------+-------+-------++-------
  Melee: War axe           |    48 |   151 |   164 ||   363
  Evoke: Wand              |       |     1 |    19 ||    20
    Use: Potion            |       |     4 |       ||     4
         Scroll            |       |       |     4 ||     4
 Armour: Scale mail        |    20 |    56 |    37 ||   113
  Dodge: Dodged            |    25 |    60 |    52 ||   137
  Block: Buckler           |    14 |    89 |    97 ||   200
         Reflection        |       |     2 |     3 ||     5

Table legend: (Time is in decaauts)
 A = Elapsed time spent in this place.
 B = Non-inter-level travel time spent in this place.
 C = Inter-level travel time spent in this place.
 D = Time resting spent in this place.
 E = Time spent auto-exploring this place.
 F = Levels seen in this place.
 G = Mean time per level.
                   A        B        C        D        E       F      G
               +--------+--------+--------+--------+--------+-----+--------+
         Total |   3794 |   3296 |    498 |     49 |    138 |   7 |  542.0 |
       Dungeon |   3572 |   3082 |    490 |      4 |      0 |   6 |  595.3 |
        Temple |    221 |    213 |      8 |     45 |    138 |   1 |  221.0 |
               +--------+--------+--------+--------+--------+-----+--------+

Top non-repeatable levels by time:
     D:3: 842 daAuts
     D:4: 779 daAuts
     D:2: 701 daAuts
     D:5: 645 daAuts
     D:1: 452 daAuts
  Temple: 221 daAuts
     D:6: 151 daAuts
